[Event "Turkish Cup 2024"]
[Site "Denizli"]
[Date "2024.07.31"]
[Round "3"]
[White "Topal, Hasan Gokmen"]
[Black "Celebi, Mehmet Alper"]
[Result "0-1"]
[ECO "B23"]
[WhiteElo "1905"]
[BlackElo "1998"]
[Annotator "RC"]
[PlyCount "42"]
[EventDate "2024.08.01"]
[EventType "swiss"]
[EventCountry "TUR"]
[SourceTitle "playchess.com"]
[Source "ChessBase"]
[SourceQuality "1"]
[TimeControl "5400+30"]

1. e4 c5 2. Nc3 Nc6 3. Bb5 Nd4 4. Nf3 g6 5. Bc4 Bg7 6. Nxd4 cxd4 7. Qf3 Nf6 8. Nb5 O-O 9. Nxd4 b5 10. e5 bxc4 11. exf6 Bxf6 12. Qxa8 Bxd4 13. Qf3 Qb6 14. O-O Bb7 15. Qh3 f5 16. c3 Bc5 17. d4 cxd3 18. Qxd3 Qc6 19. Qh3 f4 20. Bd2 Rf5 21. c4 Rg5 0-1

[Event "Turkish Cup 2024"]
[Site "Denizli"]
[Date "2024.07.31"]
[Round "3"]
[White "Akyuz, Murat"]
[Black "Polat, Ali Gorkem"]
[Result "1-0"]
[ECO "E60"]
[WhiteElo "1890"]
[BlackElo "1798"]
[Annotator "NA"]
[PlyCount "73"]
[EventDate "2024.08.01"]
[EventType "swiss"]
[EventCountry "TUR"]
[SourceTitle "playchess.com"]
[Source "ChessBase"]
[SourceQuality "1"]
[TimeControl "5400+30"]

1. Nf3 Nf6 2. b3 g6 3. Bb2 Bg7 4. d4 O-O 5. c4 d6 6. Nc3 Nbd7 7. e4 Nh5 8. g3 c5 9. d5 a6 10. Qd2 Nhf6 11. h3 Ne8 12. Bg2 Nc7 13. a4 b6 14. O-O Rb8 15. Nd1 b5 16. Bxg7 Kxg7 17. Qc3+ f6 18. axb5 axb5 19. Ne3 b4 20. Qb2 Nb6 21. Nh4 Bd7 22. f4 e5 23. dxe6 Nxe6 24. Nf3 Ra8 25. e5 Rxa1 26. Rxa1 dxe5 27. fxe5 fxe5 28. Nxe5 Nd4 29. Ra7 Qb8 30. Nxd7 Qxa7 31. Nxc5 Qe7 32. Qxd4+ Kg8 33. Nd5 Qe1+ 34. Kh2 Nc8 35. Nf6+ Kf7 36. Nxh7 Re8 37. Bd5+ 1-0

[Event "Turkish Cup 2024"]
[Site "Denizli"]
[Date "2024.07.31"]
[Round "3"]
[White "Cakir, Ege"]
[Black "Mangal, Ali"]
[Result "1-0"]
[ECO "D11"]
[WhiteElo "1889"]
[BlackElo "1770"]
[Annotator "NA"]
[PlyCount "91"]
[EventDate "2024.08.01"]
[EventType "swiss"]
[EventCountry "TUR"]
[SourceTitle "playchess.com"]
[Source "ChessBase"]
[SourceQuality "1"]
[TimeControl "5400+30"]

1. d4 d5 2. Nf3 Nf6 3. g3 Bf5 4. Bg2 e6 5. O-O h6 6. c4 c6 7. Nc3 Nbd7 8. Nd2 Bd6 9. e4 dxe4 10. Ndxe4 Nxe4 11. Nxe4 Bc7 12. Be3 O-O 13. Qb3 Qc8 14. Rac1 Nb6 15. a4 a5 16. Rfd1 Nd7 17. d5 Re8 18. dxc6 bxc6 19. Nd6 Bxd6 20. Rxd6 Ra6 21. Rcd1 Nf6 22. f3 Kh7 23. Bf1 Qc7 24. g4 Rb8 25. Qc3 Bg6 26. Bd3 Bxd3 27. Qxd3+ Kg8 28. Rd8+ Ne8 29. Qd6 Qxd6 30. R1xd6 Raa8 31. Rxb8 Rxb8 32. Rxc6 Nf6 33. Bb6 Nd7 34. Bd4 Rb4 35. Rc8+ Kh7 36. Rc7 Nf6 37. Rxf7 Kg6 38. Rc7 Rxa4 39. h4 h5 40. g5 Ne8 41. Re7 Rxc4 42. Bc3 Rxh4 43. Rxe8 Kxg5 44. Rxe6 Kf5 45. Re5+ Kf4 46. Re4+ 1-0

[Event "Turkish Cup 2024"]
[Site "Denizli"]
[Date "2024.07.31"]
[Round "3"]
[White "Yasin, Hur"]
[Black "Orak, Yunus"]
[Result "0-1"]
[ECO "C58"]
[WhiteElo "1879"]
[BlackElo "1779"]
[Annotator "NA"]
[PlyCount "52"]
[EventDate "2024.08.01"]
[EventType "swiss"]
[EventCountry "TUR"]
[SourceTitle "playchess.com"]
[Source "ChessBase"]
[SourceQuality "1"]
[TimeControl "5400+30"]

1. e4 e5 2. Nf3 Nc6 3. Bc4 Nf6 4. Ng5 d5 5. exd5 Na5 6. Bb5+ c6 7. dxc6 bxc6 8. Bd3 h6 9. Ne4 Nxe4 10. Bxe4 Bd6 11. Qf3 O-O 12. g4 Qg5 13. Bf5 e4 14. Qe3 Bf4 15. Qc5 Nb7 16. Qxc6 Bxf5 17. gxf5 Qg2 18. Rf1 Nd6 19. Nc3 Nxf5 20. Nxe4 Rfe8 21. d3 Nd4 22. Qc4 Rxe4+ 23. dxe4 Qxe4+ 24. Kd1 Qf3+ 25. Ke1 Re8+ 26. Be3 Rxe3+ 0-1

[Event "Turkish Cup 2024"]
[Site "Denizli"]
[Date "2024.07.31"]
[Round "3"]
[White "Degirmenci, Yagiz"]
[Black "Pekdemir, Veysel"]
[Result "1/2-1/2"]
[ECO "D00"]
[WhiteElo "1871"]
[BlackElo "1717"]
[Annotator "NA"]
[PlyCount "110"]
[EventDate "2024.08.01"]
[EventType "swiss"]
[EventCountry "TUR"]
[SourceTitle "playchess.com"]
[Source "ChessBase"]
[SourceQuality "1"]
[TimeControl "5400+30"]

1. d4 d5 2. e3 Nf6 3. Bd3 c5 4. c3 Nc6 5. f4 Bg4 6. Nf3 c4 7. Bc2 e6 8. Nbd2 Bd6 9. O-O O-O 10. Qe1 Ne7 11. Ne5 Bf5 12. e4 Nxe4 13. Nxe4 Bxe4 14. Bxe4 dxe4 15. Qxe4 b5 16. Nc6 Nxc6 17. Qxc6 a6 18. f5 exf5 19. Rxf5 Qc7 20. Qxc7 Bxc7 21. Rf2 Rfe8 22. Bf4 Bxf4 23. Rxf4 Re2 24. Rf2 Rae8 25. Kf1 R2e3 26. Rd2 Kf8 27. a4 R3e6 28. axb5 axb5 29. Ra7 R8e7 30. Ra8+ Re8 31. Rxe8+ Kxe8 32. Re2 Kd7 33. Rxe6 Kxe6 34. Ke2 f5 35. h4 f4 36. Kf3 Kf5 37. d5 Ke5 38. d6 Kxd6 39. Kxf4 Ke6 40. Ke4 h5 41. Kf4 Kf6 42. g4 hxg4 43. Kxg4 Kg6 44. h5+ Kh6 45. Kh4 g6 46. hxg6 Kxg6 47. Kg4 Kf6 48. Kf4 Ke6 49. Ke4 Kd6 50. Kd4 Kc6 51. Ke5 Kc5 52. Ke6 Kc6 53. Ke7 Kc7 54. Ke6 Kc6 55. Ke5 Kc5 1/2-1/2

[Event "Turkish Cup 2024"]
[Site "Denizli"]
[Date "2024.07.31"]
[Round "3"]
[White "Zuberoglu, Ibrahim Berk"]
[Black "Maras, Huseyin Kayra"]
[Result "0-1"]
[ECO "C55"]
[WhiteElo "1870"]
[BlackElo "1860"]
[Annotator "NA"]
[PlyCount "52"]
[EventDate "2024.08.01"]
[EventType "swiss"]
[EventCountry "TUR"]
[SourceTitle "playchess.com"]
[Source "ChessBase"]
[SourceQuality "1"]
[TimeControl "5400+30"]

1. e4 e5 2. Nf3 Nc6 3. Bc4 Nf6 4. d3 Be7 5. O-O O-O 6. c3 d5 7. exd5 Nxd5 8. Re1 Bg4 9. h3 Bh5 10. g4 Bg6 11. Nxe5 Nxe5 12. Rxe5 c6 13. Bxd5 cxd5 14. Qf3 d4 15. Rd5 Qb6 16. Rxd4 Bc5 17. Rd7 Rae8 18. Nd2 Qe6 19. Rd5 Bxf2+ 20. Kg2 Qe1 21. Nf1 Re2 22. Bd2 Be3+ 23. Kh1 Qxa1 24. Qxe2 Bxd2 25. Re5 h6 26. Qd1 Be4+ 0-1

[Event "Turkish Cup 2024"]
[Site "Denizli"]
[Date "2024.07.31"]
[Round "3"]
[White "Simsek, Suat Can"]
[Black "Yardimci, Can"]
[Result "1/2-1/2"]
[ECO "E71"]
[WhiteElo "1857"]
[BlackElo "1930"]
[Annotator "ChessBase"]
[PlyCount "96"]
[EventDate "2024.08.01"]
[EventType "swiss"]
[EventCountry "TUR"]
[SourceTitle "playchess.com"]
[Source "ChessBase"]
[SourceQuality "1"]
[TimeControl "5400+30"]

1. d4 Nf6 2. c4 g6 3. Nc3 Bg7 4. e4 d6 5. h3 e5 6. d5 Na6 7. Be3 O-O 8. Qd2 Nh5 9. g4 Nf4 10. Nge2 f5 11. gxf5 gxf5 12. Nxf4 exf4 13. Bxf4 fxe4 14. Rg1 Bf5 15. O-O-O Bg6 16. Bg5 Qd7 17. Bh6 Qf5 18. Bxg7 Kxg7 19. h4 Kh8 20. Be2 Qf4 21. h5 Qxd2+ 22. Rxd2 Bf5 23. Rdd1 Rae8 24. Rg3 Nc5 25. Rdg1 Re7 26. b4 Nd7 27. Nd1 Ne5 28. Ne3 h6 29. Kd2 Bh7 30. R1g2 Ref7 31. Ke1 a5 32. b5 Nd3+ 33. Bxd3 exd3 34. Nd1 Rf4 35. Rg4 R8f5 36. Rxf4 Rxf4 37. Ne3 Rh4 38. Rg4 Rxh5 39. c5 Re5 40. b6 cxb6 41. cxd6 Re8 42. Kd2 b5 43. Rh4 Kg7 44. Rg4+ Kf6 45. Rf4+ Kg7 46. Rg4+ Kh8 47. Rh4 Bg6 48. Rxh6+ Kg7 1/2-1/2

[Event "Turkish Cup 2024"]
[Site "Denizli"]
[Date "2024.07.31"]
[Round "3"]
[White "Korkmaz, Turhan"]
[Black "Egeli, Sercan Veli"]
[Result "0-1"]
[ECO "A47"]
[WhiteElo "1838"]
[BlackElo "1783"]
[Annotator "NA"]
[PlyCount "104"]
[EventDate "2024.08.01"]
[EventType "swiss"]
[EventCountry "TUR"]
[SourceTitle "playchess.com"]
[Source "ChessBase"]
[SourceQuality "1"]
[TimeControl "5400+30"]

1. d4 Nf6 2. Nf3 e6 3. Bf4 b6 4. e3 Bb7 5. a3 Be7 6. Bd3 c5 7. Nc3 O-O 8. g4 Nxg4 9. Rg1 f5 10. h3 Nf6 11. Bh6 Ne8 12. Qe2 Kh8 13. Bf4 d5 14. dxc5 bxc5 15. O-O-O Qb6 16. Bb5 Nd6 17. Be5 Bf6 18. Bxf6 Rxf6 19. Ng5 Nc6 20. Qh5 h6 21. Be2 Rb8 22. Nxe6 Rxe6 23. Nxd5 Qd8 24. Nf4 Rf6 25. Nd5 Re6 26. Nf4 Rf6 27. Qh4 Ne5 28. Nh5 Rf7 29. Qg3 Qe7 30. Nf4 Ne4 31. Ng6+ Nxg6 32. Qxb8+ Rf8 33. Qh2 Ne5 34. Kb1 c4 35. f4 Nc6 36. Bxc4 Rb8 37. Bb3 Bc8 38. Rg6 Na5 39. Rdg1 Nxb3 40. cxb3 Nc3+ 41. Kc2 Qe4+ 42. Kd2 Rxb3 43. Rxg7 Be6 44. R7g6 Kh7 45. Rg7+ Kh8 46. R7g6 Rxb2+ 47. Kxc3 Rb3+ 48. Kd2 Qxe3+ 49. Kd1 Qd3+ 50. Ke1 Rb1+ 51. Kf2 Rb2+ 52. Ke1 Qb1# 0-1

[Event "Turkish Cup 2024"]
[Site "Denizli"]
[Date "2024.07.31"]
[Round "3"]
[White "Adiguzel, Hakan"]
[Black "Gunduz, Umut Erdem"]
[Result "0-1"]
[ECO "B61"]
[WhiteElo "1821"]
[BlackElo "2276"]
[Annotator "RC"]
[PlyCount "100"]
[EventDate "2024.08.01"]
[EventType "swiss"]
[EventCountry "TUR"]
[SourceTitle "playchess.com"]
[Source "ChessBase"]
[SourceQuality "1"]
[TimeControl "5400+30"]

1. e4 c5 2. Nf3 d6 3. d4 cxd4 4. Nxd4 Nf6 5. Nc3 Nc6 6. Bg5 Bd7 7. Qd2 Rc8 8. O-O-O Nxd4 9. Qxd4 Qa5 10. f4 Rxc3 11. bxc3 e5 12. Qc4 d5 13. Rxd5 Nxd5 14. Qxd5 Ba3+ 15. Kd2 Qxd5+ 16. exd5 f6 17. Bh4 exf4 18. Bf2 b6 19. Bd3 Kf7 20. c4 Rc8 21. Re1 g5 22. Bd4 Bc5 23. c3 Ba3 24. Kc2 h5 25. Kb3 Bd6 26. a4 g4 27. a5 bxa5 28. Bxa7 h4 29. Rf1 f5 30. c5 Bxc5 31. Bxc5 Rxc5 32. Rxf4 Kf6 33. c4 Ke5 34. Rf1 Rc8 35. Kc3 f4 36. Re1+ Kf6 37. Re4 f3 38. gxf3 g3 39. hxg3 hxg3 40. Bf1 Bf5 41. Re2 Kg5 42. Ra2 Ra8 43. c5 Kf4 44. d6 Bd7 45. Rb2 a4 46. Rb7 a3 47. Bc4 g2 48. Rb1 Bc6 49. Be6 Kg3 50. Ra1 Kh2 0-1

[Event "Turkish Cup 2024"]
[Site "Denizli"]
[Date "2024.07.31"]
[Round "3"]
[White "Dokmecioglu, Burak"]
[Black "Dirikolu, Deniz"]
[Result "0-1"]
[ECO "C60"]
[WhiteElo "1800"]
[BlackElo "1911"]
[Annotator "ChessBase"]
[PlyCount "66"]
[EventDate "2024.08.01"]
[EventType "swiss"]
[EventCountry "TUR"]
[SourceTitle "playchess.com"]
[Source "ChessBase"]
[SourceQuality "1"]
[TimeControl "5400+30"]

1. e4 e5 2. Nf3 Nc6 3. Bb5 g6 4. d4 exd4 5. c3 a6 6. Bxc6 dxc6 7. cxd4 Bg7 8. h3 Qd6 9. Nc3 Be6 10. O-O O-O-O 11. Be3 f5 12. Qd2 fxe4 13. Nxe4 Qf8 14. Nfg5 Bd5 15. Nc5 Re8 16. f4 Nf6 17. Rae1 h6 18. Nf3 Bxf3 19. Rxf3 Nd5 20. Bf2 Qf5 21. Nd3 Rhf8 22. Rxe8+ Rxe8 23. Ne5 Rf8 24. a3 Nxf4 25. Nxg6 Qb1+ 26. Kh2 Nxg6 27. Rxf8+ Bxf8 28. Qe3 Bd6+ 29. g3 b6 30. Qxh6 Qf5 31. Kg2 Qe4+ 32. Kg1 Ne7 33. g4 Nd5 0-1

[Event "Turkish Cup 2024"]
[Site "Denizli"]
[Date "2024.07.31"]
[Round "3"]
[White "Zeyrek, Ayaz"]
[Black "Demirci, Fatih"]
[Result "0-1"]
[ECO "D11"]
[WhiteElo "1798"]
[BlackElo "1885"]
[Annotator "NA"]
[PlyCount "112"]
[EventDate "2024.08.01"]
[EventType "swiss"]
[EventCountry "TUR"]
[SourceTitle "playchess.com"]
[Source "ChessBase"]
[SourceQuality "1"]
[TimeControl "5400+30"]

1. d4 d5 2. Nf3 Bf5 3. c4 e6 4. g3 c6 5. Nc3 Nf6 6. Bg2 Be7 7. Nh4 Bg6 8. Nxg6 hxg6 9. Qb3 Qb6 10. O-O Qxb3 11. axb3 Na6 12. Bf4 Nh5 13. Be3 Nc7 14. g4 Nf6 15. Bf4 Kd7 16. h3 Bd6 17. Bxd6 Kxd6 18. c5+ Ke7 19. b4 a6 20. f3 Rad8 21. Rad1 Rhe8 22. e4 dxe4 23. fxe4 g5 24. e5 Nfd5 25. Ne4 Ne3 26. Nd6 Nxf1 27. Rxf1 Rf8 28. Nxb7 Rxd4 29. Na5 Rd2 30. Nxc6+ Kd7 31. Na5 Nd5 32. Nc4 Rd4 33. b3 Nxb4 34. Ra1 Kc7 35. Ra4 Rb8 36. Nb6 Rxb6 37. cxb6+ Kxb6 38. Ra1 Nd5 39. Bxd5 Rxd5 40. Rf1 Rd7 41. Kf2 Kb5 42. Ke2 Kb4 43. Rf3 a5 44. Ke1 Ka3 45. Ke2 Kb2 46. Ke1 Rb7 47. Kd2 Rd7+ 48. Ke2 Rb7 49. Kd2 Rxb3 50. Rxf7 a4 51. Rc7 Rxh3 52. Rb7+ Rb3 53. Rc7 Rb5 54. Rc2+ Kb3 55. Rc3+ Kb4 56. Re3 Rc5 0-1

[Event "Turkish Cup 2024"]
[Site "Denizli"]
[Date "2024.07.31"]
[Round "3"]
[White "Madsman, Berk"]
[Black "Ozgun, Yigit Deniz"]
[Result "1-0"]
[ECO "B52"]
[WhiteElo "1797"]
[BlackElo "1973"]
[Annotator "RC"]
[PlyCount "179"]
[EventDate "2024.08.01"]
[EventType "swiss"]
[EventCountry "TUR"]
[SourceTitle "playchess.com"]
[Source "ChessBase"]
[SourceQuality "1"]
[TimeControl "5400+30"]

1. e4 c5 2. Nf3 d6 3. Bb5+ Bd7 4. Bxd7+ Nxd7 5. O-O Ngf6 6. Re1 e6 7. c3 Be7 8. d4 O-O 9. Nbd2 b5 10. e5 Ne8 11. Qe2 cxd4 12. exd6 Nxd6 13. Nxd4 Qb6 14. N2f3 Bf6 15. Be3 Nc4 16. Rad1 Nxe3 17. Qxe3 Qb7 18. Ng5 Nc5 19. Ndf3 Rac8 20. Ne4 Nxe4 21. Qxe4 Qa6 22. a3 Rc4 23. Qe2 Qb7 24. Nd2 Rc6 25. Ne4 Be7 26. Rd3 e5 27. Ng3 Rg6 28. Qd1 Re6 29. Nf5 Bc5 30. b4 Bb6 31. Rd7 Qc6 32. Rd3 g6 33. Ne3 e4 34. Rd2 Qxc3 35. Nd5 Qe5 36. Nxb6 Rxb6 37. Rd5 Qe6 38. Qd4 Re8 39. Rd8 f5 40. Rd7 Re7 41. Rd8+ Re8 42. Rd7 Qe5 43. Qxe5 Rxe5 44. Rc1 Rbe6 45. Rc8+ Re8 46. Rcc7 R8e6 47. Rg7+ Kf8 48. Rcf7+ Ke8 49. Rxa7 Re7 50. Rxh7 Rxa7 51. Rxa7 Rd5 52. Kf1 Rd3 53. g3 g5 54. Rb7 Rxa3 55. Rxb5 Rf3 56. g4 fxg4 57. Re5+ Kf7 58. Rxe4 Rb3 59. Rxg4 Kf6 60. Kg2 Kf5 61. Rc4 g4 62. Rc5+ Kf6 63. b5 Kg6 64. Rc6+ Kf5 65. Rb6 Kg5 66. Rb8 Kg6 67. b6 Kg7 68. b7 Kh7 69. h4 Kg7 70. h5 Kh7 71. h6 g3 72. fxg3 Rb2+ 73. Kf3 Rb3+ 74. Ke4 Rb4+ 75. Kd3 Rb3+ 76. Kc2 Rxg3 77. Rh8+ Kxh8 78. b8=Q+ Rg8 79. Qc7 Rg6 80. Kd3 Rxh6 81. Ke4 Rg6 82. Kf5 Rg7 83. Qe5 Kh7 84. Qe8 Rg8 85. Qh5+ Kg7 86. Qg6+ Kf8 87. Qf6+ Ke8 88. Ke6 Rg6 89. Qxg6+ Kf8 90. Qf7# 1-0

[Event "Turkish Cup 2024"]
[Site "Denizli"]
[Date "2024.07.31"]
[Round "3"]
[White "Kiraz, Yigit"]
[Black "Baylav, Can"]
[Result "0-1"]
[ECO "D13"]
[WhiteElo "1786"]
[BlackElo "2086"]
[Annotator "ChessBase"]
[PlyCount "112"]
[EventDate "2024.08.01"]
[EventType "swiss"]
[EventCountry "TUR"]
[SourceTitle "playchess.com"]
[Source "ChessBase"]
[SourceQuality "1"]
[TimeControl "5400+30"]

1. d4 Nf6 2. c4 c6 3. Nf3 d5 4. cxd5 cxd5 5. Qb3 Nc6 6. Nc3 a6 7. Bf4 e6 8. h3 Be7 9. e3 O-O 10. Bd3 b5 11. O-O Bb7 12. Rfc1 Rc8 13. a3 Na5 14. Qd1 Nc4 15. Qe2 Qb6 16. b4 a5 17. a4 axb4 18. Nxb5 Ba6 19. Bxc4 dxc4 20. Rxc4 Bxb5 21. axb5 Qxb5 22. Rc2 Qxe2 23. Rxe2 Nd5 24. Bg3 Ra8 25. Rxa8 Rxa8 26. Rb2 Nc3 27. Nd2 Ra1+ 28. Kh2 h5 29. Nb3 Rf1 30. Nc5 h4 31. Bc7 Nd1 32. Rxb4 Rxf2 33. Kg1 Re2 34. Kf1 Rxe3 35. Bf4 Ra3 36. Rb8+ Kh7 37. Rb7 Bf6 38. Rxf7 Kg6 39. Rd7 Kf5 40. Bd2 Ra2 41. Ke1 Nb2 42. Nb3 Nc4 43. d5 Rb2 44. dxe6 Rxb3 45. e7 Rb8 46. Bb4 Re8 47. Rc7 Ne3 48. Ke2 Nd5 49. Rc5 Rxe7+ 50. Kf3 Re3+ 51. Kf2 Re5 52. Bd2 Nf4 53. Rxe5+ Bxe5 54. Bxf4 Kxf4 55. Kg1 Kg3 56. Kh1 Kf2 0-1

[Event "Turkish Cup 2024"]
[Site "Denizli"]
[Date "2024.07.31"]
[Round "3"]
[White "Arslan, Levent"]
[Black "Tirpan, Ceren"]
[Result "1/2-1/2"]
[ECO "D76"]
[WhiteElo "1778"]
[BlackElo "1926"]
[Annotator "ChessBase"]
[PlyCount "86"]
[EventDate "2024.08.01"]
[EventType "swiss"]
[EventCountry "TUR"]
[SourceTitle "playchess.com"]
[Source "ChessBase"]
[SourceQuality "1"]
[TimeControl "5400+30"]

1. d4 Nf6 2. c4 g6 3. Nf3 Bg7 4. g3 O-O 5. Bg2 d5 6. cxd5 Nxd5 7. O-O Nb6 8. Nc3 Nc6 9. d5 Nb4 10. e4 c6 11. a3 Na6 12. dxc6 Qxd1 13. Rxd1 bxc6 14. Nd4 Bg4 15. f3 Bd7 16. Nb3 Rfd8 17. Bf1 Nc7 18. Nc5 Be6 19. Bf4 Nb5 20. Nxe6 fxe6 21. Nxb5 cxb5 22. Bxb5 Bxb2 23. Rxd8+ Rxd8 24. Ra2 Bd4+ 25. Kg2 Rc8 26. Bd2 Kf7 27. Kf1 Nc4 28. Bxc4 Rxc4 29. Ke2 e5 30. Kd3 Ra4 31. Bb4 a5 32. Bc3 g5 33. Bxd4 Rxd4+ 34. Ke3 Ra4 35. Kd3 Ke6 36. g4 Kd6 37. Kc3 Kc5 38. Kb3 Rc4 39. Rd2 a4+ 40. Kb2 Rd4 41. Rc2+ Rc4 42. Rd2 Rd4 43. Rc2+ Rc4 1/2-1/2

[Event "Turkish Cup 2024"]
[Site "Denizli"]
[Date "2024.07.31"]
[Round "3"]
[White "Sarbak, Omer"]
[Black "Torun, Kagan"]
[Result "1-0"]
[ECO "B31"]
[WhiteElo "1771"]
[BlackElo "1868"]
[Annotator "NA"]
[PlyCount "117"]
[EventDate "2024.08.01"]
[EventType "swiss"]
[EventCountry "TUR"]
[SourceTitle "playchess.com"]
[Source "ChessBase"]
[SourceQuality "1"]
[TimeControl "5400+30"]

1. e4 c5 2. Nf3 Nc6 3. Bb5 g6 4. O-O Bg7 5. Re1 e5 6. Bxc6 dxc6 7. d3 Ne7 8. Nbd2 Qc7 9. h3 h6 10. a4 a5 11. b3 Be6 12. Bb2 O-O 13. Qe2 g5 14. Nf1 Ng6 15. Ng3 Qd7 16. Qe3 b6 17. Nd2 f6 18. Nc4 Rab8 19. Qd2 Nh4 20. Qe2 Kh7 21. Ne3 Rg8 22. Bc3 Bh8 23. Ng4 Bf7 24. Kh2 Bg6 25. Ne3 Rbf8 26. Qg4 Rf7 27. Nc4 Qxg4 28. hxg4 Rb7 29. f3 Rd8 30. Nxb6 Rxb6 31. Bxa5 Rdb8 32. Bxb6 Rxb6 33. a5 Ra6 34. Ra4 Bg7 35. Nh5 Bf7 36. Rb1 Kg6 37. Nxg7 Kxg7 38. b4 c4 39. b5 cxb5 40. Rxb5 cxd3 41. cxd3 Ng6 42. Rb6 Ra8 43. a6 Ne7 44. Rb7 Nc8 45. a7 Kg6 46. Rc7 Nb6 47. Ra6 Nc8 48. Rxc8 Rxc8 49. a8=Q Rxa8 50. Rxa8 h5 51. gxh5+ Kxh5 52. Kg3 Bb3 53. Rh8+ Kg6 54. Kf2 Kg7 55. Rb8 Bf7 56. Ke3 Kg6 57. Rb6 Kg7 58. g3 Be8 59. f4 1-0

[Event "Turkish Cup 2024"]
[Site "Denizli"]
[Date "2024.07.31"]
[Round "3"]
[White "Karakilinc, Ali Kerem"]
[Black "Akbas, Kaan"]
[Result "0-1"]
[ECO "A24"]
[WhiteElo "1754"]
[BlackElo "1990"]
[Annotator "RC"]
[PlyCount "64"]
[EventDate "2024.08.01"]
[EventType "swiss"]
[EventCountry "TUR"]
[SourceTitle "playchess.com"]
[Source "ChessBase"]
[SourceQuality "1"]
[TimeControl "5400+30"]

1. c4 Nf6 2. Nc3 g6 3. g3 Bg7 4. Bg2 O-O 5. d3 e5 6. e4 Nc6 7. Nge2 d6 8. O-O Nd4 9. Nxd4 exd4 10. Ne2 Nd7 11. f4 f5 12. exf5 Rxf5 13. Be4 Nc5 14. g4 Rf8 15. Bd5+ Kh8 16. b4 Na6 17. Bd2 Bxg4 18. Bxb7 Qe7 19. Bf3 Bxf3 20. Rxf3 c5 21. a3 Qb7 22. Ng3 d5 23. Rc1 cxb4 24. axb4 Nxb4 25. Rb1 a5 26. cxd5 Qxd5 27. Bxb4 axb4 28. Rxb4 Ra1 29. Qxa1 Qxf3 30. Qf1 Qe3+ 31. Kg2 Qd2+ 32. Kh1 Qe3 0-1

[Event "Turkish Cup 2024"]
[Site "Denizli"]
[Date "2024.07.31"]
[Round "3"]
[White "Gulbas, Isa"]
[Black "Metin, Enis"]
[Result "0-1"]
[ECO "B27"]
[WhiteElo "1749"]
[BlackElo "2142"]
[Annotator "RC"]
[PlyCount "33"]
[EventDate "2024.08.01"]
[EventType "swiss"]
[EventCountry "TUR"]
[SourceTitle "playchess.com"]
[Source "ChessBase"]
[SourceQuality "1"]
[TimeControl "5400+30"]

1. e4 c5 2. Nc3 g6 3. d4 cxd4 4. Qxd4 Nf6 5. Nf3 Nc6 6. Qa4 d6 7. e5 dxe5 8. Nxe5 Bg7 9. Nxc6 bxc6 10. Qxc6+ Bd7 11. Qa6 O-O 12. Be2 Qc7 13. Bf3 Rab8 14. Qe2 Be6 15. a4 Bc4 16. Nb5 Rxb5 17. Qd1 0-1

[Event "Turkish Cup 2024"]
[Site "Denizli"]
[Date "2024.07.31"]
[Round "3"]
[White "Yanikoglu, Omer"]
[Black "Konusoglu, Kemal Safa"]
[Result "1-0"]
[ECO "D04"]
[WhiteElo "1727"]
[BlackElo "1904"]
[Annotator "ChessBase"]
[PlyCount "157"]
[EventDate "2024.08.01"]
[EventType "swiss"]
[EventCountry "TUR"]
[SourceTitle "playchess.com"]
[Source "ChessBase"]
[SourceQuality "1"]
[TimeControl "5400+30"]

1. Nf3 Nf6 2. b3 d5 3. Bb2 Bf5 4. e3 e6 5. d4 Be7 6. Nbd2 O-O 7. Be2 h6 8. O-O c6 9. Ne5 Nbd7 10. Ndf3 a5 11. Bd3 Bxd3 12. Qxd3 a4 13. a3 axb3 14. cxb3 Qb6 15. b4 Qa6 16. Qxa6 Rxa6 17. Nd3 Nb6 18. Nc5 Bxc5 19. dxc5 Nc4 20. Bxf6 gxf6 21. a4 b6 22. cxb6 Rxb6 23. Rfb1 e5 24. b5 Rfb8 25. a5 Rxb5 26. Rxb5 cxb5 27. a6 b4 28. Ne1 b3 29. Rb1 b2 30. Nd3 d4 31. exd4 exd4 32. Nxb2 Nxb2 33. a7 Ra8 34. Rxb2 Rxa7 35. g3 Kg7 36. Kg2 Kg6 37. Kf3 f5 38. h4 Rd7 39. Kf4 Rd5 40. Rd2 d3 41. Ke3 Kh5 42. f3 Rd6 43. Kf4 Kg6 44. Ke3 Kh5 45. Kf4 Rd5 46. Ke3 Rd7 47. Kf4 Kg6 48. Ke3 Kf6 49. f4 Ke6 50. h5 Rd8 51. Kf3 Rd4 52. Ke3 Rd8 53. Kf3 Rd4 54. Ke3 Rd5 55. Kf3 Kd6 56. Ke3 Kc5 57. Rxd3 Rxd3+ 58. Kxd3 Kd5 59. Ke3 Kc4 60. Ke2 Kc3 61. Ke3 f6 62. Ke2 Kc2 63. Ke3 Kd1 64. Kf3 Kd2 65. g4 fxg4+ 66. Kxg4 Ke3 67. Kf5 Kf3 68. Kg6 Kxf4 69. Kxh6 Ke4 70. Kg6 f5 71. h6 f4 72. h7 f3 73. h8=Q Ke3 74. Qe5+ Kf2 75. Kh5 Kg2 76. Qg5+ Kh1 77. Qh4+ Kg2 78. Qg4+ Kf2 79. Kh4 1-0

[Event "Turkish Cup 2024"]
[Site "Denizli"]
[Date "2024.07.31"]
[Round "3"]
[White "Citil, Feyzullah"]
[Black "Topuz, Mirac Melih"]
[Result "0-1"]
[ECO "C63"]
[WhiteElo "1720"]
[BlackElo "2148"]
[Annotator "RC"]
[PlyCount "70"]
[EventDate "2024.08.01"]
[EventType "swiss"]
[EventCountry "TUR"]
[SourceTitle "playchess.com"]
[Source "ChessBase"]
[SourceQuality "1"]
[TimeControl "5400+30"]

1. e4 e5 2. Nf3 Nc6 3. Bb5 f5 4. d3 fxe4 5. dxe4 Nf6 6. O-O d6 7. Nc3 Be7 8. Bc4 Bg4 9. h3 Bh5 10. g4 Bg6 11. Ng5 Nd4 12. f4 h6 13. Ne6 Nxe6 14. Bxe6 exf4 15. Bxf4 c6 16. Be3 Qa5 17. Qd4 Qe5 18. Qxe5 dxe5 19. Rad1 Bb4 20. Bf5 Bxf5 21. Rxf5 Bxc3 22. bxc3 O-O 23. Rxe5 Rfe8 24. Bf4 Nxe4 25. Rd7 Nxc3 26. Rf5 Rad8 27. Rxb7 Re2 28. Bg3 Rxc2 29. Bf2 Rd1+ 30. Kg2 Ne4 31. Rxa7 Rdd2 32. Kf3 Nxf2 33. Rff7 Rc3+ 34. Kf4 Nxh3+ 35. Ke5 Rd5+ 0-1

[Event "Turkish Cup 2024"]
[Site "Denizli"]
[Date "2024.07.31"]
[Round "3"]
[White "Sirin, Ahmet"]
[Black "Kurdas, Halil Ibrahim"]
[Result "0-1"]
[ECO "B44"]
[WhiteElo "1660"]
[BlackElo "1855"]
[Annotator "NA"]
[PlyCount "63"]
[EventDate "2024.08.01"]
[EventType "swiss"]
[EventCountry "TUR"]
[SourceTitle "playchess.com"]
[Source "ChessBase"]
[SourceQuality "1"]
[TimeControl "5400+30"]

1. e4 c5 2. Nf3 e6 3. d4 cxd4 4. Nxd4 Nf6 5. Bd3 Nc6 6. Nxc6 bxc6 7. c4 Qc7 8. Nc3 Be7 9. O-O Rb8 10. b3 h5 11. f3 h4 12. f4 Bc5+ 13. Kh1 Bd4 14. Qe1 Nh5 15. Be3 Qb6 16. Rf3 Bxe3 17. Qxe3 Qxe3 18. Rxe3 Nxf4 19. Rf1 e5 20. Ne2 g5 21. Ng1 d6 22. c5 Nxd3 23. cxd6 Nf4 24. Rc1 Rb6 25. Nf3 f6 26. Nd2 Be6 27. Nb1 Kd7 28. Rd1 c5 29. Nc3 Rxd6 30. Rxd6+ Kxd6 31. Nb5+ Kc6 32. b4 0-1

[Event "Turkish Cup 2024"]
[Site "Denizli"]
[Date "2024.08.01"]
[Round "4"]
[White "Gunduz, Umut Erdem"]
[Black "Cakmak, Kursat Kagan"]
[Result "1-0"]
[ECO "B45"]
[WhiteElo "2276"]
[BlackElo "1811"]
[Annotator "RC"]
[PlyCount "93"]
[EventDate "2024.08.01"]
[EventType "swiss"]
[EventCountry "TUR"]
[SourceTitle "playchess.com"]
[Source "ChessBase"]
[SourceQuality "1"]
[TimeControl "5400+30"]

1. e4 c5 2. Nf3 e6 3. d4 cxd4 4. Nxd4 Nf6 5. Nc3 Nc6 6. Nxc6 bxc6 7. e5 Nd5 8. Ne4 Bb7 9. Be2 c5 10. O-O Qc7 11. Nd6+ Bxd6 12. exd6 Qb6 13. a4 Rc8 14. c4 Nf6 15. a5 Qc6 16. f3 h6 17. Qd3 O-O 18. Bd1 Ba6 19. Bf4 Qd5 20. cxd5 Bxd3 21. dxe6 fxe6 22. Re1 Nd5 23. Bg3 Rb8 24. Rc1 c4 25. Ba4 Rfd8 26. Be5 a6 27. Bd4 Rb4 28. Ra1 Rb7 29. Red1 Re8 30. Be5 g5 31. Rd2 Nb4 32. Ra3 Rc8 33. Bd4 Kf7 34. Rc3 e5 35. Bb6 Rf8 36. Rc1 Ke6 37. b3 e4 38. bxc4 Kxd6 39. fxe4 Rc8 40. Rb1 Rxc4 41. Rxb4 Rxb4 42. Rxd3+ Ke5 43. Bxd7 h5 44. Rd1 h4 45. h3 Rc4 46. Bf5 Rc2 47. Bd4+ 1-0